 Dungeon Crawl Stone Soup version 0.17-a0-737-gf0a300a (console) character file.

834 Monkaria the Carver (level 7, -1/54 HPs)
             Began as a Demonspawn Chaos Knight on May 9, 2015.
             Slain by an ice beast (10 damage)
             ... on level 5 of the Dungeon.
             The game lasted 00:07:46 (4162 turns).

Monkaria the Carver (Demonspawn Chaos Knight)       Turns: 4162, Time: 00:07:47

Health: -1/54      AC:  6    Str: 14    XL:     7   Next: 66%
Magic:  0/7        EV: 11    Int: 17    God:    Xom [....*.]
Gold:   755        SH:  0    Dex: 13    Spells: 0 memorised, 6 levels left

rFire  . . .     SeeInvis .     a - +0 falchion (chaos)
rCold  . . .     Clarity  .     b - +2 leather armour
rNeg   . . .     SustAb   .     (no shield)
rPois  .         Gourm    .     (helmet restricted)
rElec  .         Spirit   +     (no cloak)
rCorr  .         Warding  .     (no gloves)
rMut   .         Stasis   .     (no boots)
MR     +....                    y - amulet of faith
Stlth  +.........               o - +4 ring of intelligence
                                n - ring of protection from magic

@: somewhat resistant to hostile enchantments, very unstealthy
A: hooves 1, horns 2, molten scales 1, sense surroundings 1, powered by death 1,
wild magic 1, magic shield
a: Renounce Religion


You were on level 5 of the Dungeon.
You worshipped Xom.
You were a beloved toy of Xom.
You were not hungry.

You visited 1 branch of the dungeon, and saw 5 of its levels.

You collected 755 gold pieces.

Inventory:

Hand weapons
 a - a +0 falchion of chaos (weapon)
Armour
 b - a +2 leather armour (worn)
Jewellery
 n - a ring of protection from magic (left hand)
 o - a +4 ring of intelligence (right hand)
 p - an uncursed ring of see invisible {unknown}
 t - an uncursed amulet of warding
 y - an amulet of faith (around neck)
Magical devices
 q - a wand of magic darts (26)
Scrolls
 f - 2 scrolls of recharging {unknown}
 g - 11 scrolls of identify {unknown}
 h - a scroll of remove curse {unknown}
 j - a scroll of blinking {unknown}
 l - 4 scrolls of fear {unknown}
 m - 2 scrolls of enchant armour {unknown}
 s - 2 scrolls of teleportation {unknown}
 u - a scroll of fog {unknown}
 v - a scroll of magic mapping {unknown}
 w - a scroll of amnesia {unknown}
Potions
 e - a potion of curing
 i - a potion of berserk rage
 k - a potion of mutation {unknown}
 r - a potion of poison {unknown}
 x - a potion of heal wounds {unknown}
 z - a potion of invisibility
 A - 2 potions of restore abilities
 B - a potion of haste {unknown}
Comestibles
 c - 6 bread rations
 d - 4 meat rations
 C - a chunk of flesh


   Skills:
 - Level 4.0 Fighting
 - Level 8.0 Long Blades
 + Level 1.7 Armour
 - Level 0.8 Dodging


You had 6 spell levels left.
You didn't know any spells.

Dungeon Overview and Level Annotations

Branches:
Dungeon (5/15)
 Temple: D:4-7

Altars:
Dithmenos
Okawaru
Trog
Xom
Yredelemnul
Zin
The Shining One

Annotations:
D:4 1 runed door
D:5 Sigmund


Innate Abilities, Weirdness & Mutations

You have large cloven feet.
You are partially covered in molten scales (AC +1).
You can steal the life force of nearby defeated enemies.
When hurt, damage is shared between your health and your magic reserves.
You have a pair of horns on your head.
You passively map a small area around you.
Your spells are a little harder to cast, but a little more powerful.


Message History

The ice beast seems less confused.
The ice beast hits you. The ice beast freezes you! The ice beast hits you.
The ice beast freezes you.
You hit the ice beast.
You melt the ice beast.
Your kick misses the ice beast.
The ice beast is severely wounded.
The ice beast closely misses you.
You closely miss the ice beast.
You kick the ice beast, but do no damage.
You headbutt the ice beast.
The ice beast is almost dead.
The ice beast misses you.
You barely miss the ice beast.
You kick the ice beast, but do no damage.
Your headbutt misses the ice beast.
The ice beast is almost dead.
The ice beast hits you. The ice beast freezes you!
* * * LOW HITPOINT WARNING * * *
The ice beast hits you.
* * * LOW HITPOINT WARNING * * *
The ice beast freezes you!
You die...

∆
#...#.######...#...........
,<.......# #............##.
* ###.#####
#...####)###.#.. #. #...#
### #.... # ##.## ###.. #.#
#.# , ###########.# #.#
#..?....(##.###### #.# *
*....)###@##...<..# #..
*........Y...####.# ###
............>.# # *
#....###.##.#.# * * ,
#.#........#...
@.......##......# ,
*.#########.##### #.# ,
...,


You could see an ice beast (berserk).

Vanquished Creatures
  An ice beast (D:5)
  Duvessa (D:5)
  2 phantoms
  A giant frog (D:4)
  Dowan (D:5)
  A centaur skeleton (D:5)
  2 hounds (D:4)
  A gnoll (D:4)
  12 adders
  2 oozes
  2 adder skeletons (D:4)
  A worm (D:2)
  4 orcs
  A bat zombie (D:5)
  3 giant cockroaches
  10 goblins
  14 hobgoblins
  3 jackals (D:4)
  A quokka (D:2)
  2 ball pythons
  6 bats
  2 giant geckos
  A giant gecko skeleton (D:4)
  2 giant newts
  4 kobolds
  A quokka skeleton (D:4)
  9 rats
90 creatures vanquished.

Vanquished Creatures (collateral kills)
  Ijyb (D:3)
  4 gnolls (D:2)
  A bat (D:2)
  5 goblins (D:3)
11 creatures vanquished.

Grand Total: 101 creatures vanquished

Notes
Turn   | Place    | Note
--------------------------------------------------------------
     0 | D:1      | Monkaria, the Demonspawn Chaos Knight, began the quest for the Orb.
     0 | D:1      | Reached XP level 1. HP: 18/18 MP: 1/1
    56 | D:1      | XOM: silly message
   109 | D:1      | Gained mutation: You can steal the life force of nearby defeated enemies. [demonic ancestry]
   109 | D:1      | Reached XP level 2. HP: 17/24 MP: 2/2
   430 | D:1      | XOM: divination: magic mapping
   574 | D:1      | XOM: colour smoke trail
   723 | D:2      | Gained mutation: You are partially covered in molten scales (AC +1). [demonic ancestry]
   723 | D:2      | Reached XP level 3. HP: 29/29 MP: 3/3
   798 | D:2      | You fall through a shaft for 2 floors!
   827 | D:4      | Noticed a phantom
   831 | D:4      | XOM: confuse monster(s)
   836 | D:4      | XOM: confuse monster(s)
   938 | D:4      | XOM: silly message
  1007 | D:4      | XOM: colour smoke trail
  1142 | D:4      | Reached skill level 4 in Long Blades
  1164 | D:4      | Noticed a giant frog
  1165 | D:4      | XOM: confuse monster(s)
  1168 | D:4      | XOM: enchant monster (good)
  1179 | D:4      | Killed a giant frog
  1179 | D:4      | Reached XP level 4. HP: 22/37 MP: 4/4
  1182 | D:4      | XOM: divination: detect creatures
  1210 | D:4      | Found a shadowy altar of Dithmenos.
  1245 | D:4      | XOM: enchant monster (bad)
  1274 | D:4      | XOM: harmless Ice miscast
  1289 | D:4      | XOM: mild Tloc miscast
  1297 | D:4      | XOM: divination: detect items
  1345 | D:4      | XOM: enchant monster (good)
  1492 | D:4      | XOM: 3-stop teleportation journey
  1606 | D:4      | XOM: swap monsters
  1627 | D:4      | Killed a phantom
  1627 | D:4      | Reached skill level 5 in Long Blades
  1627 | D:4      | Gained mutation: You have large cloven feet. [demonic ancestry]
  1627 | D:4      | Reached XP level 5. HP: 34/42 MP: 5/5
  1706 | D:4      | Found a glowing golden altar of the Shining One.
  1706 | D:4      | Found a runed door.
  1706 | D:4      | Noticed an angel
  1776 | D:4      | Found a glowing silver altar of Zin.
  1779 | D:4      | Found a basalt altar of Yredelemnul.
  1796 | D:4      | XOM: divination: magic mapping
  1836 | D:4      | Reached XP level 6. HP: 44/48 MP: 6/6
  1931 | D:4      | XOM: scenery: create altars
  1974 | D:4      | XOM: divination: detect creatures
  2197 | D:4      | Found a bloodstained altar of Trog.
  2197 | D:4      | XOM: polymorph worker ant -> gnoll
  2234 | D:4      | Found an iron altar of Okawaru.
  2312 | D:3      | Noticed Ijyb
  2319 | D:3      | XOM: summons friendly quasit
  2329 | D:3      | Killed Ijyb
  2329 | D:3      | Reached skill level 6 in Long Blades
  2493 | D:3      | Found a glowing golden altar of the Shining One.
  2554 | D:3      | XOM: polymorph quokka -> goblin
  2753 | D:3      | XOM: colour smoke trail
  3173 | D:3      | XOM: silly message
  3180 | D:3      | XOM: mild Erth miscast
  3214 | D:3      | XOM: vitrification
  3250 | D:3      | XOM: give mutations
  3250 | D:3      | Gained mutation: You passively map a small area around you. [Xom's grace]
  3250 | D:3      | Gained mutation: You have a pair of small horns on your head. [Xom's grace]
  3250 | D:3      | Gained mutation: You have a pair of horns on your head. [Xom's grace]
  3250 | D:3      | Gained mutation: Your spells are a little harder to cast, but a little more powerful. [Xom's grace]
  3323 | D:3      | XOM: god gift: 460 gold pieces
  3479 | D:2      | HP: 2/48 [gnoll/club (6)]
  3913 | D:5      | Entered Level 5 of the Dungeon
  3915 | D:5      | Noticed Duvessa
  3916 | D:5      | Noticed Dowan
  3916 | D:5      | XOM: confuse monster(s)
  3917 | D:5      | XOM: confuse monster(s)
  3945 | D:5      | Killed Duvessa
  3945 | D:5      | Reached skill level 7 in Long Blades
  3945 | D:5      | Gained mutation: When hurt, damage is shared between your health and your magic reserves. [demonic ancestry]
  3945 | D:5      | Reached XP level 7. HP: 50/54 MP: 7/7
  3950 | D:5      | XOM: divination: detect items
  3967 | D:5      | XOM: cast spell 'Warp Weapon'
  3985 | D:5      | XOM: enchant monster (good)
  3987 | D:5      | Killed Dowan
  4086 | D:5      | Reached skill level 8 in Long Blades
  4125 | D:5      | XOM: silly message
  4139 | D:5      | XOM: medium Ice miscast
  4142 | D:5      | XOM: swap monsters
  4143 | D:5      | Noticed Sigmund
  4162 | D:5      | Slain by an ice beast

Action                   |  1- 3 |  4- 6 |  7- 9 || total
-------------------------+-------+-------+-------++-------
Melee: Falchion          |   139 |   244 |    44 ||   427
Evoke: Wand              |       |     2 |       ||     2
  Use: Potion            |       |     5 |       ||     5
 Stab: Paralysed         |     3 |     6 |     2 ||    11
       Confused          |       |     2 |     4 ||     6
       Petrifying        |       |     3 |       ||     3
       Invisible         |       |     2 |       ||     2
       Petrified         |       |     1 |       ||     1
  Eat: Chunk             |     1 |     9 |     1 ||    11
